 Dungeon Crawl Stone Soup version 0.28-a0-1087-gf3fc490d9d (webtiles) character file.

Game seed: 17947852668284642309

163 karkarkar the Chopper (level 5, -12/41 HPs)
             Began as a Formicid Fighter on Dec 10, 2021.
             Mangled by Crazy Yiuf (16 damage)
             ... on level 2 of the Dungeon.
             The game lasted 00:03:39 (1905 turns).

karkarkar the Chopper (Formicid Fighter)            Turns: 1905, Time: 00:03:40

Health: -12/41     AC:  6    Str: 22    XL:     5   Next: 73%
Magic:  5/5        EV: 10    Int:  8    God:
Gold:   64         SH:  4    Dex: 10    Spells: 4/4 levels left

rFire   . . .      SeeInvis +   a - +0 war axe
rCold   . . .      Faith    .   c - +0 buckler
rNeg    . . .      Spirit   .   b - +0 scale mail
rPois   .          Reflect  .   (helmet unavailable)
rElec   .          Harm     .   (no cloak)
rCorr   .          Rampage  .   (no gloves)
Will    .....                   (no boots)
Stlth   ..........              (no amulet)
HPRegen 0.13/turn               (no ring)
MPRegen 0.09/turn               (no ring)

@: mighty
A: permanent stasis, dig shafts and tunnels, antennae 3, four strong arms
a: Dig, Shaft Self


You were on level 2 of the Dungeon.
You visited 1 branch of the dungeon, and saw 2 of its levels.

You collected 64 gold pieces.

Inventory:

Hand Weapons
 a - a +0 war axe (weapon)
Armour
 b - a +0 scale mail (worn)
 c - a +0 buckler (worn)
Scrolls
 e - 4 scrolls of teleportation {unknown}
Potions
 f - a potion of flight {unknown}
 g - a potion of curing
 h - a potion of brilliance {unknown}


   Skills:
 - Level 3.2 Fighting
 + Level 5.0 Axes
 - Level 3.2 Armour
 + Level 1.6 Dodging
 + Level 0.3 Stealth
 - Level 3.6 Shields


You had 4 spell levels left.
You didn't know any spells.
Your spell library contained the following spells:

 Spells                   Type           Power      Damage    Failure   Level
 Beastly Appendage        Tmut           0%         N/A       75%         1
 Wereblood                Tmut           0%         N/A       86%         2
 Gell's Gravitas          Tloc           0%         N/A       98%         3
 Spider Form              Tmut/Pois      0%         N/A       98%         3
 Teleport Other           Tloc           0%         N/A       98%         3
 Dispersal                Tloc           0%         N/A       100%        6


Dungeon Overview and Level Annotations

Branches:
Dungeon (2/15)

Altars:

Annotations:
D:2 Crazy Yiuf


Innate Abilities, Weirdness & Mutations

You cannot be hasted, slowed, berserked, paralysed or teleported.
You can dig through walls and to a lower floor.
You have a pair of large antennae on your head. (SInv)
Your four strong arms can wield two-handed weapons with a shield.


Message History

You now have 64 gold pieces (gained 8).
Found a mace.
Found a runed translucent door.
As you read the scroll labelled COELUH EFEORAO, it crumbles to dust.
You feel aware of your surroundings.
It was a scroll of magic mapping.
Crazy Yiuf shouts!
You sense a monster nearby.
Crazy Yiuf grits, "Mountain!"
You open the door. You closely miss Crazy Yiuf.
Crazy Yiuf cries, "Scoff!
Fluff alas disdain."
Crazy Yiuf hits you with a +2 quarterstaff of chaos!
Crazy Yiuf barely misses you.
You hit Crazy Yiuf but do no damage. Crazy Yiuf completely misses you.
You barely miss Crazy Yiuf.
Crazy Yiuf hits you with a +2 quarterstaff of chaos.
You hit Crazy Yiuf.
Crazy Yiuf is lightly wounded.
Crazy Yiuf hits you with a +2 quarterstaff of chaos!
Crazy Yiuf burns you.
* * * LOW HITPOINT WARNING * * *
You barely miss Crazy Yiuf.
Crazy Yiuf is lightly wounded.
Crazy Yiuf barely misses you.
Crazy Yiuf hits you with a +2 quarterstaff of chaos.
* * * LOW HITPOINT WARNING * * *
You closely miss Crazy Yiuf.
Crazy Yiuf is lightly wounded.
Crazy Yiuf closely misses you.
You hit Crazy Yiuf.
Crazy Yiuf is moderately wounded.
Crazy Yiuf waves his quarterstaff at you.
Crazy Yiuf hits you but does no damage.
You feel better.
Crazy Yiuf hits you with a +2 quarterstaff of chaos!
* * * LOW HITPOINT WARNING * * *
You feel very mighty all of a sudden.
Crazy Yiuf hits you with a +2 quarterstaff of chaos.
* * * LOW HITPOINT WARNING * * *
You are electrocuted!
You die...

#....#
#...####..'.
#....# #.#.#
#..## ♣.P..♣
#.#.# #.###
♣...♣♣
#.#.####.###
♣♣.♣♣
#...##.....#
♣.♣♣
#.####.....#
♣♣.♣ #.#
#.....# ♣.♣♣
#.####.....#
♣♣@♣
###...>....#
*#g#*
#.###.....
*...*
#.###..###
#...#
#.#......#
#..)#
#.#.#..#.#
#####
###.#.#.....
#........#.#
##########..
###


You could see Crazy Yiuf.

Vanquished Creatures
  2 jellies (D:2)
  Terence (D:2)
  2 adders (D:2)
  A worm (D:2)
  5 bats (D:1)
  11 endoplasms
  A giant cockroach (D:1)
  A goblin (D:2)
  5 hobgoblins
  4 jackals (D:2)
  8 kobolds
  2 quokkas (D:1)
  3 ball pythons (D:1)
  4 frilled lizards
  3 rats (D:1)
53 creatures vanquished.

Vanquished Creatures (others)
  A fungus (D:2)
  12 toadstools (D:2)
13 creatures vanquished.

Grand Total: 66 creatures vanquished

Notes
Turn   | Place    | Note
-------+----------+-------------------------------------------
     0 | D:1      | karkarkar the Formicid Fighter began the quest for the Orb.
     0 | D:1      | Reached XP level 1. HP: 18/18 MP: 1/1
   160 | D:1      | Found a faded altar of an unknown god.
   169 | D:1      | Reached XP level 2. HP: 20/24 MP: 2/2
   535 | D:1      | Reached skill level 3 in Axes
   535 | D:1      | Reached XP level 3. HP: 29/29 MP: 3/3
   542 | D:1      | Reached skill level 1 in Dodging
  1077 | D:2      | Reached XP level 4. HP: 10/35 MP: 4/4
  1315 | D:2      | Noticed Terence
  1329 | D:2      | Killed Terence
  1330 | D:2      | Reached skill level 4 in Axes
  1495 | D:2      | Reached XP level 5. HP: 36/41 MP: 5/5
  1810 | D:2      | Reached skill level 5 in Axes
  1889 | D:2      | Found a runed translucent door.
  1891 | D:2      | Noticed Crazy Yiuf
  1905 | D:2      | Mangled by Crazy Yiuf

Illustrated notes

Levels and vault maps discovered:
D:1:      evilmike_arrival_crescent, layout_loops_ring,
          shapermc_ecumenical_altar_mp_highgroup
D:2:      cheibrodos_fertilizer, layout_loops_cross, uniq_terence,
          uniq_crazy_yiuf_cottage, uniq_natasha

Skill      XL: |  1  2  3  4  5 |
---------------+----------------+-----
Axes           | 3 4 5 |  5.0
Dodging        | 1 |  1.6
Fighting       | |  3.2
Armour         | |  3.2
Stealth        | |  0.3
Shields        | |  3.6

Action                   |  1- 3 |  4- 6 || total
-------------------------+-------+-------++-------
Melee: War axe           |    99 |    61 ||   160
 Abil: Dig               |     2 |     2 ||     4
  Use: Potion            |     1 |     3 ||     4
       Scroll            |     1 |     1 ||     2
Armor: Scale mail        |    56 |    13 ||    69
Dodge: Dodged            |    59 |    28 ||    87
Block: Buckler           |    33 |    13 ||    46

Table legend: (Time is in decaauts)
 A = Elapsed time spent in this place.
 B = Non-inter-level travel time spent in this place.
 C = Inter-level travel time spent in this place.
 D = Time resting spent in this place.
 E = Time spent auto-exploring this place.
 F = Levels seen in this place.
 G = Mean time per level.
                   A        B        C        D        E       F      G
               +--------+--------+--------+--------+--------+-----+--------+
         Total |   1958 |   1944 |     14 |    227 |   1315 |   2 |  979.0 |
       Dungeon |   1958 |   1944 |     14 |    227 |   1315 |   2 |  979.0 |
               +--------+--------+--------+--------+--------+-----+--------+

Top non-repeatable levels by time:
     D:1: 990 daAuts
     D:2: 968 daAuts
